 Dungeon Crawl Stone Soup version 0.31-a0-620-gd1cbd99268 (webtiles) character file.

Game seed: 5572941719334219801

1334 wormstring the Scratcher (level 8, -4/37 HPs)
             Began as a Felid Chaos Knight on Aug 23, 2023.
             Was a Plaything of Xom.
             Slain by a gnoll sergeant
             ... wielding a +3 heavy trident
              (17 damage)
             ... on level 5 of the Dungeon.
             The game lasted 00:03:41 (2883 turns).

wormstring the Scratcher (Felid Chaos Knight)       Turns: 2883, Time: 00:03:42

Health: -4/37      AC: -2    Str:  7    XL:     8   Next: 34%
Magic:  9/9        EV: 20    Int: 19    God:    Xom [......]
Gold:   226        SH:  0    Dex: 15    Spells: 7/7 levels left
                                        Lives:  0   Deaths: 3

rFire   . .          .
                       - Unarmed
rCold   . . .        (shield unavailable)
rNeg    . . .        (body armour unavailable)
rPois   .            (helmet unavailable)
rElec   .            (cloak unavailable)
rCorr   .            (gloves unavailable)
SInv    +            (boots unavailable)
Will    +....        h - amulet of regeneration
Stlth   +++          (no ring)
HPRegen 1.86/turn    (no ring)
MPRegen 0.11/turn

%: no passive effects
@: corroded, quick
A: very small, claws 1, fangs 3, see invisible, speed 1, shaggy fur 2, stealthy
paws, no weapons or thrown items, no armour, multi-lived, clever 1, regeneration
1
a: Renounce Religion


You were on level 5 of the Dungeon.
You worshipped Xom.
You were a very special plaything of Xom.
You visited 1 branch of the dungeon, and saw 5 of its levels.

You collected 226 gold pieces.

Inventory:

Jewellery
 h - an amulet of regeneration (around neck)
Wands
 s - a wand of paralysis (13)
Scrolls
 a - a scroll of butterflies
 b - 2 scrolls of identify {unknown}
 e - a scroll of immolation {unknown}
 f - 2 scrolls of torment {unknown}
 g - a scroll of noise {unknown}
 i - a scroll of vulnerability {unknown}
 j - a scroll of brand weapon {unknown}
 k - a scroll of amnesia {unknown}
 m - 3 scrolls of revelation {unknown}
 p - a scroll of fog {unknown}
 q - a scroll of blinking {unknown}
 r - a scroll of fear {unknown}
Potions
 c - a potion of degeneration
 d - a potion of brilliance {unknown}
 l - a potion of mutation
 n - a potion of heal wounds {unknown}
 o - a potion of enlightenment {unknown}
 t - a potion of lignification


   Skills:
 + Level 5.4 Fighting
 + Level 6.7 Dodging
 + Level 6.3 Stealth
 * Level 7.1 Unarmed Combat


You had 7 spell levels left.
You didn't know any spells.
Your spell library contained the following spells:

 Spells                   Type           Power      Damage    Failure   Level
 Magic Dart               Conj           0%         1d3       21%         1
 Call Imp                 Summ           0%         N/A       30%         2
 Inner Flame              Hex/Fire       0%         N/A       52%         3
 Mephitic Cloud           Conj/Pois/Air  0%         N/A       52%         3
 Summon Forest            Summ/Tloc      0%         N/A       99%         5
 Summon Mana Viper        Hex/Summ       0%         N/A       99%         5
 Yara's Violent Unravell  Hex/Tmut       0%         3d3       99%         5
 Summon Cactus Giant      Summ           0%         N/A       100%        6
 Enfeeble                 Hex            0%         N/A       100%        7


Dungeon Overview and Level Annotations

Branches:
Dungeon (5/15)
 Temple: D:4-7

Altars:
Cheibriados


Innate Abilities, Weirdness & Mutations

You have sharp claws.
You have razor-sharp teeth.
You have supernaturally acute eyesight. (SInv)
You cover ground quickly. (Speed+)
You are covered in thick fur. (AC +2)
Your paws help you pounce on unaware monsters.
You are incapable of wielding weapons or throwing items.
You cannot wear armour.
You gain extra lives every three experience levels.
Your mind is acute. (Int +4, Str/Dex -1)
Your natural rate of healing is unusually fast.


Message History

No target in view!
No target in view!
No target in view!
No target in view!
No target in view!
No target in view!
No target in view!
No target in view!
No target in view!
No target in view!
No target in view!
No target in view!
HP restored.
j - a scroll labelled GAEREUM WOF You pick up a book of Misfortune and begin reading...
You add the spells Inner Flame, Yara's Violent Unravelling and Enfeeble to your library.
t - a potion of lignification You now have 226 gold pieces (gained 11).
A gnoll comes into view. It is wielding a +0 halberd.
A gnoll sergeant comes into view. It is wielding a +3 heavy trident.
There are monsters nearby!
There are monsters nearby!
A gnoll comes into view. It is wielding a +0 halberd.
The gnoll sergeant shouts!
You hear a shout!
A gnoll comes into view.
It is wielding a +0 halberd and carrying a wand of acid.
The gnoll sergeant closely misses you.
A gnoll comes into view. It is wielding a +0 halberd.
Found a halberd.
You scratch the gnoll sergeant.
You bite the gnoll sergeant, but do no damage.
The gnoll sergeant is lightly wounded.
The gnoll sergeant hits you with a +3 heavy trident!
You emit a cloud of colourful smoke!
The gnoll shouts!
You scratch the gnoll sergeant.
The gnoll sergeant is moderately wounded.
The gnoll zaps a wand.
The bolt of acid hits you! The acid corrodes you!
The gnoll sergeant hits you with a +3 heavy trident!
You die...
Xom giggles madly!

### ###.## ###.#..##
.......# #....#
##...#### ####
####...§#g.#.##
##..###......§@§..g.#
#............§##g.....
###.........#...#
g...)
.##...........$.# ....
....................
..#
.............#.#.g.g#
..
.##..........#.##....
. ..#.....##......
....
.............##......


You could see a gnoll sergeant and 3 gnolls.

Vanquished Creatures
  Grinder (D:4)
  Sigmund (D:4)
  Eustachio (D:4)
  Duvessa (D:4)
  A black bear (D:5)
  A bullfrog (D:3)
  2 scorpions (D:4)
  Dowan (D:4)
  2 howler monkeys (D:5)
  A hound (D:5)
  A jelly (D:5)
  Jessica (D:3)
  Ijyb (D:4)
  2 iguanas (D:5)
  Robin (D:3)
  7 gnolls (D:2)
  8 adders
  An ufetubus (D:5)
  5 dart slugs
  6 orcs
  6 ball pythons
  6 endoplasms
  5 giant cockroaches
  21 goblins
  10 hobgoblins
  2 quokkas
  5 bats
  2 frilled lizards
  7 kobolds
  4 rats
113 creatures vanquished.

Notes
Turn   | Place    | Note
-------+----------+-------------------------------------------
     0 | D:1      | wormstring the Felid Chaos Knight began the quest for the
                  | Orb.
     0 | D:1      | Reached XP level 1. HP: 10/10 MP: 2/2
    20 | D:1      | XOM: butterfly on damage
   108 | D:1      | Reached XP level 2. HP: 14/14 MP: 3/3
   123 | D:1      | Reached skill level 1 in Stealth
   527 | D:2      | Found a snail-covered altar of Cheibriados.
   631 | D:2      | Reached XP level 3. HP: 11/17 MP: 4/4
   831 | D:3      | XOM: silly message
   866 | D:2      | Reached XP level 4. HP: 21/21 MP: 5/5
   944 | D:3      | Noticed a bullfrog
   946 | D:3      | Noticed Robin
   960 | D:3      | XOM: potion effect (brilliance)
   977 | D:2      | XOM: butterfly on damage
   991 | D:2      | Slain by a gnoll
  1053 | D:2      | Found a faded altar of an unknown god.
  1092 | D:2      | Reached skill level 4 in Unarmed Combat
  1140 | D:2      | XOM: potion effect (haste)
  1143 | D:2      | XOM: potion effect (invisibility)
  1326 | D:2      | XOM: potion effect (haste)
  1334 | D:2      | Reached XP level 5. HP: 25/25 MP: 6/6
  1431 | D:2      | XOM is BORED!
  1520 | D:2      | XOM: silly message
  1659 | D:2      | XOM: divination: detect creatures
  1822 | D:3      | XOM: potion effect (might)
  1834 | D:3      | XOM: silly message
  1840 | D:3      | XOM: potion effect (invisibility)
  1864 | D:3      | Killed Robin
  1869 | D:3      | Gained mutation: You are covered in thick fur. (AC +2)
                  | [Felid growth]
  1869 | D:3      | Reached XP level 6. HP: 28/28 MP: 7/7
  1928 | D:3      | Noticed Jessica
  1943 | D:3      | Killed Jessica
  2050 | D:4      | Noticed Ijyb
  2060 | D:4      | XOM: divination: detect items
  2079 | D:4      | XOM: confuse monster(s)
  2080 | D:4      | Killed Ijyb
  2081 | D:4      | Reached skill level 5 in Unarmed Combat
  2113 | D:4      | Noticed Eustachio
  2123 | D:4      | XOM: cast spell 'Call Canine Familiar'
  2128 | D:4      | XOM: butterfly on damage
  2139 | D:4      | Killed Eustachio
  2140 | D:4      | Reached skill level 5 in Dodging
  2163 | D:4      | XOM: noise
  2205 | D:4      | XOM: noise
  2240 | D:4      | XOM: silly message
  2253 | D:4      | Noticed Sigmund
  2260 | D:4      | XOM: confuse monster(s)
  2267 | D:4      | Gained mutation: Your mind is acute. (Int +4, Str/Dex -1)
                  | [potion of mutation]
  2267 | D:4      | Gained mutation: Your natural rate of healing is unusually
                  | fast. [potion of mutation]
  2267 | D:4      | Slain by a scorpion
  2296 | D:4      | Killed Sigmund
  2297 | D:4      | Reached XP level 7. HP: 33/33 MP: 8/8
  2341 | D:4      | Noticed Grinder
  2355 | D:4      | XOM: 1-stop teleportation journey
  2364 | D:4      | XOM: smoke on damage
  2368 | D:4      | Paralysed by Grinder for 4 turns
  2369 | D:4      | XOM: butterfly on damage
  2370 | D:4      | Slain by a scorpion
  2388 | D:4      | XOM: enchant monster (good)
  2390 | D:4      | Reached skill level 5 in Stealth
  2391 | D:4      | XOM: divination: magic mapping
  2393 | D:4      | Paralysed by Grinder for 4 turns
  2401 | D:4      | Killed Grinder
  2402 | D:4      | Reached skill level 6 in Unarmed Combat
  2607 | D:4      | XOM: noise
  2648 | D:4      | Noticed Dowan
  2649 | D:4      | Noticed Duvessa
  2651 | D:4      | XOM: fog
  2652 | D:4      | XOM: confusion
  2664 | D:4      | XOM: swap monsters
  2665 | D:4      | XOM: smoke on damage
  2665 | D:4      | XOM: torment (15/33 hp)
  2669 | D:4      | Killed Dowan
  2670 | D:4      | Reached skill level 5 in Fighting
  2676 | D:4      | Killed Duvessa
  2677 | D:4      | Reached XP level 8. HP: 37/37 MP: 9/9
  2779 | D:5      | Entered Level 5 of the Dungeon
  2787 | D:5      | XOM: divination: detect creatures
  2828 | D:5      | Reached skill level 7 in Unarmed Combat
  2882 | D:5      | XOM: smoke on damage
  2883 | D:5      | Slain by a gnoll sergeant

Illustrated notes

Levels and vault maps discovered:
D:1:      onia_arrival_pentagram, layout_basic
D:2:      layout_basic, basic_altar, ebering_ecumenical_altar_webs,
          serial_bayou_lagoon_a
D:3:      layout_rooms, uniq_jessica, uniq_robin
D:4:      kennysheep_the_goblin_king, layout_basic, uniq_grinder,
          uniq_eustachio, uniq_sigmund, uniq_duvessa
D:5:      layout_cave_pools

Skill      XL: |  1  2  3  4  5  6  7  8 |
---------------+-------------------------+-----
Stealth        | 1 2 3 4 5 6 |  6.3
Dodging        | 4 5 6 |  6.7
Unarmed Combat | 4 5 6 7 |  7.1
Fighting       | 4 5 |  5.4

Action                     |  1- 3 |  4- 6 |  7- 9 || total
---------------------------+-------+-------+-------++-------
  Melee: Unarmed           |    97 |   208 |   100 ||   405
         Bite              |     7 |    18 |    14 ||    39
         Punch             |     3 |     4 |     4 ||    11
    Use: Potion            |       |     4 |       ||     4
   Stab: Invisible         |       |     9 |       ||     9
         Sleeping          |       |     4 |       ||     4
         Confused          |       |     1 |     3 ||     4
         Distracted        |       |     1 |       ||     1
         Paralysed         |       |       |     1 ||     1
 Armour: Skin              |     5 |     7 |     6 ||    18
  Dodge: Dodged            |    87 |   201 |    98 ||   386

Table legend: (Time is in decaauts)
 A = Elapsed time spent in this place.
 B = Non-inter-level travel time spent in this place.
 C = Inter-level travel time spent in this place.
 D = Time resting spent in this place.
 E = Time spent auto-exploring this place.
 F = Levels seen in this place.
 G = Mean time per level.
                   A        B        C        D        E       F      G
               +--------+--------+--------+--------+--------+-----+--------+
         Total |   2379 |   2284 |     95 |      0 |   1463 |   5 |  475.8 |
       Dungeon |   2379 |   2284 |     95 |      0 |   1463 |   5 |  475.8 |
               +--------+--------+--------+--------+--------+-----+--------+

Top non-repeatable levels by time:
     D:2: 783 daAuts
     D:4: 649 daAuts
     D:1: 454 daAuts
     D:3: 403 daAuts
     D:5: 87 daAuts
